Gangsters vs Knights

Created - December 11, 2020 at 19:38

Goals
1 2 3 T
Gangsters 2 2 2 6
Knights 3 0 2 5
Shots
1 2 3 T
Gangsters 14 6 9 29
Knights 9 6 10 25

1st period

1. Knights , Ludwig Bystrom 3 (Nikolaj Ehlers 19, Vince Hinostroza 11) at 2:12 (PP)
2. Gangsters , Artem Anisimov 19 (Dave Dziurzynski 18, Samuel Montembeault) at 8:00
3. Knights , Josh Bailey 11 (Jeff Petry 4) at 10:36
4. Gangsters , Richard Panik 18 (Derrick Pouliot 4, Dave Dziurzynski 19) at 12:58 (PP)
5. Knights , Nikolaj Ehlers 12 (Miro Aaltonen 15, Jeremy Bracco 1) at 17:01

Penalties :
Adam Lowry (Bro) for Hooking (Minor) at 1:19, Troy Stetcher (Lon) for Tripping (Minor) at 12:53

2nd period

6. Gangsters , David Pope 10 (Seth Griffith 16, Stefan Noesen 11) at 2:53
7. Gangsters , Stefan Noesen 12 (David Pope 14, Vince Dunn 7) at 11:44 (PP)

Penalties :
Brendan Gaunce (Lon) for Tripping (Minor) at 7:02, Jeff Petry (Lon) for Interference (Minor) at 10:45, Dave Dziurzynski (Bro) for Holding (Minor) at 14:38

3rd period

8. Gangsters , Richard Panik 19 (Artem Anisimov 25) at 3:37 (PP)
9. Gangsters , David Pope 11 (Seth Griffith 17) at 6:26
10. Knights , Miro Aaltonen 13 (Vince Hinostroza 12, Magnus Hellberg) at 10:49 (PP)
11. Knights , Nikolaj Ehlers 13 (Vince Hinostroza 13, Miro Aaltonen 16) at 14:30

Penalties :
Linden Vey (Lon) for Hooking (Minor) at 3:35, Vince Dunn (Bro) for High sticking (Minor) at 7:04, Stefan Noesen (Bro) for Hooking (Minor) at 10:38, Dave Dziurzynski (Bro) for Holding (Minor) at 14:33

Goalie Stats

Samuel Montembeault (Bro), 20 saves from 25 shots - (0.800), W, 10-4-0, 60:00 minutes
Magnus Hellberg (Lon), 5 saves from 6 shots - (0.833), L, 6-4-0, 15:21 minutes
Elvis Merzlikins (Lon), 18 saves from 23 shots - (0.783), 43:37 minutes

Players Stats for Gangsters

Player Name              G  A  P  +/- PIM S  H  SB GA TA FO     MP     PP MP  PK MP  
------------------------------------------------------------------------------------
Adam Lowry               0  0  0  -1  2   0  0  1  0  0  0/1     7:22   0:00   0:00 
Artem Anisimov           1  1  2  -2  0   2  5  2  0  0  19/37  23:08   1:42   3:48 
Brett Ponich             0  0  0   0  0   2  1  3  0  0  0/0    25:59   1:38   3:19 
Colton White             0  0  0   0  0   0  0  0  0  0  0/0    11:42   0:00   1:38 
Connor Chatam            0  0  0  -1  0   0  0  1  0  0  0/0     7:23   0:00   0:00 
Dave Dziurzynski         0  2  2  -2  4   1  1  0  0  1  0/2    20:46   1:39   0:48 
David Pope               2  1  3   3  0   2  2  0  0  1  0/0    15:10   1:23   0:00 
Derrick Pouliot          0  1  1   0  0   2  1  2  1  0  0/0    25:59   1:38   3:19 
Dryden Hunt              0  0  0   0  0   0  0  0  0  0  0/0     1:32   0:03   1:18 
Jacob Middleton          0  0  0   0  0   0  1  0  0  0  0/0     5:27   0:00   0:00 
Jake Marchment           0  0  0   0  0   0  0  0  0  0  0/0     1:40   0:00   1:36 
Joel Kiviranta           0  0  0   0  0   0  0  0  0  0  0/0     0:00   0:00   0:00 
Joshua Jacobs            0  0  0   0  0   0  1  0  0  0  0/0     4:12   0:00   0:00 
Kevin Roy                0  0  0   0  0   2  0  0  0  0  3/6    10:20   0:00   0:00 
Mikhail Vorobyev         0  0  0   0  0   0  0  0  0  0  0/0     0:00   0:00   0:00 
Phillip Danault          0  0  0   0  0   3  1  0  0  0  0/0    10:20   0:00   0:00 
Richard Panik            2  0  2  -2  0   9  4  0  0  1  4/7    23:08   1:42   3:48 
Ryan Culkin              0  0  0   0  0   0  0  2  0  1  0/0    12:04   1:27   1:28 
Samuel Blais             0  0  0  -1  0   1  0  0  0  0  0/0     7:23   0:00   0:00 
Sebastian Collberg       0  0  0   0  0   0  2  1  1  0  0/0    10:20   0:00   0:00 
Seth Griffith            0  2  2   3  0   1  2  0  0  0  4/8    16:33   1:23   0:49 
Stefan Noesen            1  1  2   3  2   2  6  0  1  0  0/0    17:47   1:23   1:55 
Steven Santini           0  0  0   0  0   0  1  0  0  0  0/0    11:10   0:00   1:06 
Vince Dunn               0  1  1   0  2   2  0  2  0  0  0/0    18:43   1:27   2:38 
Will Borgen              0  0  0   0  0   0  0  0  0  0  0/0     4:46   0:00   0:34 

Players Stats for Knights

Player Name              G  A  P  +/- PIM S  H  SB GA TA FO     MP     PP MP  PK MP  
------------------------------------------------------------------------------------
Alexandre Carrier        0  0  0   1  0   0  0  3  0  0  0/0    13:34   0:00   0:00 
Brendan Gaunce           0  0  0  -3  2   1  1  0  0  0  2/7    17:05   3:07   0:00 
Dominik Kahun            0  0  0   1  0   0  0  0  0  0  4/8    11:32   0:00   0:44 
Dwight King              0  0  0  -3  0   0  4  2  0  0  0/0    17:23   3:07   0:27 
Jeff Petry               0  1  1   0  2   2  2  2  0  0  0/0    18:00   0:00   0:00 
Jeremy Bracco            0  1  1   0  0   1  0  0  0  0  0/0     8:43   0:04   0:00 
Jordan Martinook         0  0  0   1  0   1  1  0  0  1  0/0    11:57   0:00   0:59 
Josh Bailey              1  0  1   1  0   1  0  0  0  0  0/0    10:08   0:00   0:00 
Linden Vey               0  0  0  -3  2   1  1  0  1  0  0/0    16:55   3:07   0:00 
Ludwig Bystrom           1  0  1   1  0   1  1  2  0  0  0/0    18:51   2:53   2:24 
Miro Aaltonen            1  2  3   2  0   2  1  1  0  0  22/41  22:56   3:54   1:54 
Nathan Walker            0  0  0   0  0   2  2  0  1  0  0/0     7:59   0:00   0:00 
Nicolas Petan            0  0  0   0  0   0  0  0  0  0  2/3     8:15   0:00   0:06 
Nikolaj Ehlers           2  1  3   2  0   5  0  0  0  0  0/1    21:02   3:54   0:00 
Tony DeAngelo            0  0  0  -1  0   4  0  2  0  0  0/0    23:08   4:08   0:41 
Troy Stetcher            0  0  0   0  2   2  0  0  1  0  0/0    24:37   4:08   1:02 
Vince Hinostroza         0  3  3   2  0   1  1  1  0  1  1/1    22:58   3:50   2:00 
Vladislav Gavrikov       0  0  0  -1  0   1  0  1  1  1  0/0    21:48   2:53   2:03 

3 Stars

1 - David Pope (Bro)
2 - Nikolaj Ehlers (Lon)
3 - Stefan Noesen (Bro)

Power Play

Gangsters - 3 on 4 Attempt(s) - 75.00%
Knights - 2 on 5 Attempt(s) - 40.00%

Penalty Kill

Gangsters - 3 on 5 Attempt(s) - 60.00% - Score 0 goal in Penalty Kill
Knights - 1 on 4 Attempt(s) - 25.00% - Score 0 goal in Penalty Kill

Team Stat

Gangsters - Hits : 28 - Faceoff Wins : 30 - Blocked Shots : 14 - Penalty Minutes : 10
Knights - Hits : 14 - Faceoff Wins : 31 - Blocked Shots : 14 - Penalty Minutes : 8

Official

Referees : Unknown
Linesman : Unknown

Game Notes

Ryan Culkin is injured at 18:56 of 2nd period (Left Hand)
Magnus Hellberg enters game at 3:37 of 3rd period

Finance

Level 1 -- Attendance: 2000 (100.00%) -- Ticket Income $50,000
Level 2 -- Attendance: 956 (95.60%) -- Ticket Income $12,428
Total Attendance: 2956 (98.53%)
Total Ticket Income: $62,428
Other Income: $3,121
Total Income: $65,549

Gangsters

5 vs 5 Forward 
   Center                   Left Wing                Right Wing               Time % Phy DF OF 
 1 Artem Anisimov           Dave Dziurzynski         Richard Panik            40     1   2  2  
 2 Seth Griffith            David Pope               Stefan Noesen            30     1   2  2  
 3 Kevin Roy                Phillip Danault          Sebastian Collberg       20     1   2  2  
 4 Adam Lowry               Samuel Blais             Connor Chatam            10     1   2  2  

5 vs 5 Defense 
   Defense                  Defense                                           Time % Phy DF OF 
 1 Brett Ponich             Derrick Pouliot                                   40     1   2  2  
 2 Vince Dunn               Ryan Culkin                                       30     1   2  2  
 3 Steven Santini           Colton White                                      20     1   2  2  
 4 Will Borgen              Joshua Jacobs                                     10     1   2  2  

PowerPlay Forward 
   Center                   Left Wing                Right Wing               Time % Phy DF OF 
 1 Artem Anisimov           Dave Dziurzynski         Richard Panik            60     1   2  2  
 2 Seth Griffith            David Pope               Stefan Noesen            40     1   2  2  

PowerPlay Defense
   Defense                  Defense                                           Time % Phy DF OF 
 1 Brett Ponich             Derrick Pouliot                                   60     1   2  2  
 2 Vince Dunn               Ryan Culkin                                       40     1   2  2  

Penalty Kill 4 Players Forward 
   Center                   Wing                     Time % Phy DF OF 
 1 Richard Panik            Artem Anisimov           60     1   2  2  
 2 Dave Dziurzynski         Stefan Noesen            40     1   2  2  

Penalty Kill 4 Players Defense
   Defense                  Defense                  Time % Phy DF OF 
 1 Brett Ponich             Derrick Pouliot          60     1   2  2  
 2 Vince Dunn               Ryan Culkin              40     1   2  2  

Penalty Kill - 3 Players Forward 
   Forward                                           Time % Phy DF OF 
 1 Richard Panik                                     60     1   2  2  
 2 Artem Anisimov                                    40     1   2  2  

Penalty Kill - 3 Players Defense
   Defense                  Defense                  Time % Phy DF OF 
 1 Brett Ponich             Derrick Pouliot          60     1   2  2  
 2 Vince Dunn               Ryan Culkin              40     1   2  2  

4 vs 4 Forward 
   Center                   Wing                     Time % Phy DF OF 
 1 Richard Panik            Artem Anisimov           60     1   2  2  
 2 Dave Dziurzynski         Stefan Noesen            40     1   2  2  

4 vs 4 Defense
   Defense                  Defense                  Time % Phy DF OF 
 1 Brett Ponich             Derrick Pouliot          60     1   2  2  
 2 Vince Dunn               Ryan Culkin              40     1   2  2  

Last Minutes Offensive
   Center                   Left Wing                Right Wing               Defense                  Defense                  
   Artem Anisimov           Dave Dziurzynski         Richard Panik            Brett Ponich             Derrick Pouliot          

Last Minutes Defensive
   Center                   Left Wing                Right Wing               Defense                  Defense                  
   Artem Anisimov           Dave Dziurzynski         Richard Panik            Brett Ponich             Derrick Pouliot          

Goaltenders
Starting : Samuel Montembeault      
Backup : Jordan Binnington        

Extra Forwards
Normal : Dryden Hunt, Joel Kiviranta, Jake Marchment - PP : Dryden Hunt, Joel Kiviranta - PK : Jake Marchment
Extra Defensemen
Normal : Jacob Middleton, Steven Santini, Colton White - PP : Jacob Middleton - PK : Steven Santini, Colton White
Penalty Shots
Richard Panik, Artem Anisimov, Dave Dziurzynski, Stefan Noesen, Seth Griffith

Scratches
Jonas Brodin (Healthy), Keegan Kolesar (Healthy)

Knights

5 vs 5 Forward 
   Center                   Left Wing                Right Wing               Time % Phy DF OF 
 1 Miro Aaltonen            Nikolaj Ehlers           Vince Hinostroza         40     1   2  2  
 2 Brendan Gaunce           Dwight King              Linden Vey               30     1   2  2  
 3 Dominik Kahun            Jordan Martinook         Josh Bailey              20     1   2  2  
 4 Nicolas Petan            Nathan Walker            Jeremy Bracco            10     1   2  2  

5 vs 5 Defense 
   Defense                  Defense                                           Time % Phy DF OF 
 1 Jeff Petry               Troy Stetcher                                     40     1   3  1  
 2 Vladislav Gavrikov       Tony DeAngelo                                     30     1   3  1  
 3 Ludwig Bystrom           Alexandre Carrier                                 20     1   2  2  
 4 Vladislav Gavrikov       Tony DeAngelo                                     10     1   2  2  

PowerPlay Forward 
   Center                   Left Wing                Right Wing               Time % Phy DF OF 
 1 Miro Aaltonen            Nikolaj Ehlers           Vince Hinostroza         60     0   1  4  
 2 Brendan Gaunce           Dwight King              Linden Vey               40     0   1  4  

PowerPlay Defense
   Defense                  Defense                                           Time % Phy DF OF 
 1 Tony DeAngelo            Troy Stetcher                                     60     0   1  4  
 2 Ludwig Bystrom           Vladislav Gavrikov                                40     0   1  4  

Penalty Kill 4 Players Forward 
   Center                   Wing                     Time % Phy DF OF 
 1 Miro Aaltonen            Vince Hinostroza         60     1   3  1  
 2 Jordan Martinook         Dwight King              40     1   3  1  

Penalty Kill 4 Players Defense
   Defense                  Defense                  Time % Phy DF OF 
 1 Ludwig Bystrom           Vladislav Gavrikov       60     1   3  1  
 2 Tony DeAngelo            Ludwig Bystrom           40     1   3  1  

Penalty Kill - 3 Players Forward 
   Forward                                           Time % Phy DF OF 
 1 Jordan Martinook                                  60     0   4  1  
 2 Vince Hinostroza                                  40     0   4  1  

Penalty Kill - 3 Players Defense
   Defense                  Defense                  Time % Phy DF OF 
 1 Ludwig Bystrom           Vladislav Gavrikov       60     1   3  1  
 2 Tony DeAngelo            Ludwig Bystrom           40     1   3  1  

4 vs 4 Forward 
   Center                   Wing                     Time % Phy DF OF 
 1 Nikolaj Ehlers           Vince Hinostroza         60     1   2  2  
 2 Brendan Gaunce           Dwight King              40     1   2  2  

4 vs 4 Defense
   Defense                  Defense                  Time % Phy DF OF 
 1 Ludwig Bystrom           Troy Stetcher            60     1   2  2  
 2 Tony DeAngelo            Vladislav Gavrikov       40     1   2  2  

Last Minutes Offensive
   Center                   Left Wing                Right Wing               Defense                  Defense                  
   Miro Aaltonen            Nikolaj Ehlers           Vince Hinostroza         Tony DeAngelo            Troy Stetcher            

Last Minutes Defensive
   Center                   Left Wing                Right Wing               Defense                  Defense                  
   Miro Aaltonen            Dwight King              Vince Hinostroza         Ludwig Bystrom           Vladislav Gavrikov       

Goaltenders
Starting : Elvis Merzlikins         
Backup : Magnus Hellberg          

Extra Forwards
Normal : Dwight King, Linden Vey, Vince Hinostroza - PP : Linden Vey, Vince Hinostroza - PK : Vince Hinostroza
Extra Defensemen
Normal : Tony DeAngelo, Troy Stetcher, Ludwig Bystrom - PP : Tony DeAngelo - PK : Ludwig Bystrom, Tony DeAngelo
Penalty Shots
Nathan Walker, Dwight King, Nikolaj Ehlers, Linden Vey, Vince Hinostroza

Scratches
John Marino (Healthy), Nicklas Jensen (Healthy), Mitchell Stephens (Healthy), Sami Niku (Healthy), Alan Quine (Healthy)
Matthew Benning (Healthy), Scott Wilson (Healthy), David Kase (Healthy), Mackenzie MacEachern (Healthy), Martin Frk (Healthy)
Curtis Lazar (Healthy), Jayce Hawryluk (Healthy), Nikolay Goldobin (Sprained Left Finger Injury), Oskar Lindblom (Healthy), Ryan Collins (Healthy)
William Lagesson (Healthy), Joey Daccord (Healthy), Philippe Desrosiers (Healthy)

% Time on Ice - Gangsters

Lines # - Real PCT - Wanted PCT - Time Play
Normal Forward
1 - 34% - 40% - 16:32
2 - 30% - 30% - 14:30
3 - 21% - 20% - 10:20
4 - 15% - 10% - 7:23
Normal Defense
1 - 41% - 40% - 19:56
2 - 30% - 30% - 14:33
3 - 21% - 20% - 10:04
4 - 9% - 10% - 4:12
PP Forward
1 - 55% - 60% - 1:42
2 - 45% - 40% - 1:23
PP Defense
1 - 53% - 60% - 1:38
2 - 47% - 40% - 1:27
PK Forward
1 - 73% - 60% - 5:06
2 - 27% - 40% - 1:55
PK Defense
1 - 47% - 60% - 3:19
2 - 53% - 40% - 3:42
PK3 Forward
1 - 0% - 60%
2 - 0% - 40%
PK3 Defense
1 - 0% - 60%
2 - 0% - 40%
44 Forward
1 - 0% - 60%
2 - 0% - 40%
44 Defense
1 - 0% - 60%
2 - 0% - 40%
Last Minute Offensive  - 0:00
Last Minute Defensive  - 1:09
Total
Forward - 60:00
Defense - 60:00

% Time on Ice - Knights

Lines # - Real PCT - Wanted PCT - Time Play
Normal Forward
1 - 33% - 40% - 16:06
2 - 30% - 30% - 14:29
3 - 21% - 20% - 10:08
4 - 16% - 10% - 7:59
Normal Defense
1 - 38% - 40% - 18:40
2 - 29% - 30% - 14:10
3 - 27% - 20% - 13:16
4 - 5% - 10% - 2:36
PP Forward
1 - 56% - 60% - 3:54
2 - 44% - 40% - 3:07
PP Defense
1 - 59% - 60% - 4:08
2 - 41% - 40% - 2:53
PK Forward
1 - 89% - 60% - 2:44
2 - 11% - 40% - 0:21
PK Defense
1 - 79% - 60% - 2:26
2 - 21% - 40% - 0:39
PK3 Forward
1 - 0% - 60%
2 - 0% - 40%
PK3 Defense
1 - 0% - 60%
2 - 0% - 40%
44 Forward
1 - 0% - 60%
2 - 0% - 40%
44 Defense
1 - 0% - 60%
2 - 0% - 40%
Last Minute Offensive  - 1:12
Last Minute Defensive  - 0:00
Total
Forward - 60:00
Defense - 60:00

Play-by-Play

1st period


0:01 of 1st period - Miro Aaltonen wins face-off versus Artem Anisimov in neutral zone.
0:08 of 1st period - Troy Stetcher is hit by Richard Panik and loses puck.
0:25 of 1st period - Troy Stetcher is hit by David Pope and loses puck.
1:08 of 1st period - Off-side.
1:09 of 1st period - Nicolas Petan wins face-off versus Adam Lowry in neutral zone.
1:19 of 1st period - Minor Penalty to Adam Lowry for Hooking.
1:20 of 1st period - Richard Panik wins face-off versus Miro Aaltonen in Gangsters zone.
1:34 of 1st period - Snap shot by Miro Aaltonen.
1:34 of 1st period - Shot Blocked by Brett Ponich.
1:36 of 1st period - Slapshot by Tony DeAngelo.
1:36 of 1st period - Deflect By Derrick Pouliot.
1:36 of 1st period - Stopped by Samuel Montembeault without a rebound.
1:37 of 1st period - Richard Panik wins face-off versus Brendan Gaunce in Gangsters zone.
1:37 of 1st period - Richard Panik is hit by Dwight King.
2:10 of 1st period - Slapshot by Nikolaj Ehlers.
2:10 of 1st period - Stopped by Samuel Montembeault with a rebound.
2:12 of 1st period - Slapshot by Ludwig Bystrom.
2:12 of 1st period - Goal by Ludwig Bystrom - Gangsters : 0 - Knights : 1.
2:13 of 1st period - Vince Hinostroza wins face-off versus Artem Anisimov in neutral zone.
2:38 of 1st period - Richard Panik is hit by Ludwig Bystrom and loses puck.
5:22 of 1st period - Snap shot by Richard Panik.
5:22 of 1st period - Shot Blocked by Alexandre Carrier.
5:24 of 1st period - Wrist shot by Richard Panik.
5:24 of 1st period - Stopped by Elvis Merzlikins with a rebound.
5:53 of 1st period - Snap shot by Nathan Walker.
5:53 of 1st period - Shot Misses the Net.
5:55 of 1st period - Slapshot by Ludwig Bystrom.
5:55 of 1st period - Shot Misses the Net.
6:14 of 1st period - Troy Stetcher is hit by Joshua Jacobs and loses puck.
6:19 of 1st period - Slapshot by Richard Panik.
6:19 of 1st period - Stopped by Elvis Merzlikins with a rebound.
6:21 of 1st period - Snap shot by Artem Anisimov.
6:21 of 1st period - Stopped by Elvis Merzlikins with a rebound.
6:23 of 1st period - Wrist shot by Dave Dziurzynski.
6:23 of 1st period - Shot Misses the Net.
6:25 of 1st period - Slapshot by Will Borgen.
6:25 of 1st period - Shot Blocked by Jeff Petry.
6:35 of 1st period - Ryan Culkin is hit by Jeff Petry and loses puck.
7:06 of 1st period - Linden Vey is hit by Stefan Noesen and loses puck.
7:25 of 1st period - Snap shot by Richard Panik.
7:25 of 1st period - Stopped by Elvis Merzlikins without a rebound.
7:26 of 1st period - Artem Anisimov wins face-off versus Miro Aaltonen in Knights zone.
7:35 of 1st period - Wrist shot by Richard Panik.
7:35 of 1st period - Shot Misses the Net.
8:00 of 1st period - Snap shot by Artem Anisimov.
8:00 of 1st period - Goal by Artem Anisimov - Gangsters : 1 - Knights : 1.
8:01 of 1st period - Artem Anisimov wins face-off versus Miro Aaltonen in neutral zone.
8:12 of 1st period - Slapshot by Miro Aaltonen.
8:12 of 1st period - Shot Blocked by Artem Anisimov.
8:14 of 1st period - Slapshot by Jeff Petry.
8:14 of 1st period - Stopped by Samuel Montembeault with a rebound.
8:16 of 1st period - Wrist shot by Miro Aaltonen.
8:16 of 1st period - Shot Blocked by Artem Anisimov.
8:26 of 1st period - Linden Vey is hit by Seth Griffith.
10:34 of 1st period - Snap shot by Josh Bailey.
10:34 of 1st period - Shot Misses the Net.
10:36 of 1st period - Wrist shot by Josh Bailey.
10:36 of 1st period - Goal by Josh Bailey - Gangsters : 1 - Knights : 2.
10:37 of 1st period - Miro Aaltonen wins face-off versus Artem Anisimov in neutral zone.
10:48 of 1st period - Miro Aaltonen is hit by Artem Anisimov and loses puck.
11:49 of 1st period - Backhand shot by Nathan Walker.
11:49 of 1st period - Stopped by Samuel Montembeault with a rebound.
11:51 of 1st period - Snap shot by Tony DeAngelo.
11:51 of 1st period - Stopped by Samuel Montembeault with a rebound.
12:28 of 1st period - Snap shot by Stefan Noesen.
12:28 of 1st period - Stopped by Elvis Merzlikins without a rebound.
12:29 of 1st period - Seth Griffith wins face-off versus Brendan Gaunce in Knights zone.
12:36 of 1st period - Wrist shot by Stefan Noesen.
12:36 of 1st period - Shot Misses the Net.
12:38 of 1st period - Backhand shot by Brett Ponich.
12:38 of 1st period - Shot Misses the Net.
12:40 of 1st period - Snap shot by Derrick Pouliot.
12:40 of 1st period - Deflect By Seth Griffith.
12:40 of 1st period - Shot Blocked by Dwight King.
12:40 of 1st period - Puck is out of play.
12:41 of 1st period - Artem Anisimov wins face-off versus Nikolaj Ehlers in Knights zone.
12:53 of 1st period - Minor Penalty to Troy Stetcher for Tripping.
12:54 of 1st period - Artem Anisimov wins face-off versus Miro Aaltonen in Knights zone.
12:54 of 1st period - Wrist shot by Dave Dziurzynski.
12:54 of 1st period - Shot Blocked by Vince Hinostroza.
12:56 of 1st period - Slapshot by Derrick Pouliot.
12:56 of 1st period - Shot Misses the Net.
12:58 of 1st period - Wrist shot by Richard Panik.
12:58 of 1st period - Goal by Richard Panik - Gangsters : 2 - Knights : 2.
12:59 of 1st period - Artem Anisimov wins face-off versus Miro Aaltonen in neutral zone.
13:24 of 1st period - Snap shot by Phillip Danault.
13:24 of 1st period - Stopped by Elvis Merzlikins without a rebound.
13:25 of 1st period - Kevin Roy wins face-off versus Brendan Gaunce in Knights zone.
14:37 of 1st period - Wrist shot by Samuel Blais.
14:37 of 1st period - Stopped by Elvis Merzlikins without a rebound.
14:38 of 1st period - Nicolas Petan wins face-off versus Artem Anisimov in Knights zone.
14:46 of 1st period - Off-side.
14:47 of 1st period - Miro Aaltonen wins face-off versus Artem Anisimov in neutral zone.
15:18 of 1st period - Wrist shot by Stefan Noesen.
15:18 of 1st period - Shot Blocked by Jeff Petry.
15:36 of 1st period - Slapshot by Phillip Danault.
15:36 of 1st period - Shot Misses the Net.
15:38 of 1st period - Snap shot by Kevin Roy.
15:38 of 1st period - Shot Misses the Net.
15:40 of 1st period - Wrist shot by Sebastian Collberg.
15:40 of 1st period - Shot Blocked by Ludwig Bystrom.
15:42 of 1st period - Slapshot by Vince Dunn.
15:42 of 1st period - Deflect By Alexandre Carrier.
15:42 of 1st period - Stopped by Elvis Merzlikins without a rebound.
15:43 of 1st period - Artem Anisimov wins face-off versus Miro Aaltonen in Knights zone.
15:56 of 1st period - Richard Panik is hit by Vince Hinostroza and loses puck.
16:19 of 1st period - Wrist shot by Linden Vey.
16:19 of 1st period - Stopped by Samuel Montembeault with a rebound.
16:21 of 1st period - Wrist shot by Brendan Gaunce.
16:21 of 1st period - Shot Blocked by Derrick Pouliot.
16:23 of 1st period - Slapshot by Dwight King.
16:23 of 1st period - Shot Blocked by Brett Ponich.
17:01 of 1st period - Wrist shot by Nikolaj Ehlers.
17:01 of 1st period - Goal by Nikolaj Ehlers - Gangsters : 2 - Knights : 3.
17:02 of 1st period - Miro Aaltonen wins face-off versus Artem Anisimov in neutral zone.
17:18 of 1st period - Slapshot by Richard Panik.
17:18 of 1st period - Stopped by Elvis Merzlikins with a rebound.
17:44 of 1st period - Stefan Noesen is hit by Brendan Gaunce and loses puck.
17:52 of 1st period - Icing by David Pope.
17:53 of 1st period - Seth Griffith wins face-off versus Dominik Kahun in Gangsters zone.
18:01 of 1st period - Snap shot by Dominik Kahun.
18:01 of 1st period - Shot Misses the Net.
18:03 of 1st period - Snap shot by Jordan Martinook.
18:03 of 1st period - Shot Misses the Net.
18:05 of 1st period - Snap shot by Vladislav Gavrikov.
18:05 of 1st period - Shot Misses the Net.
18:07 of 1st period - Slapshot by Vladislav Gavrikov.
18:07 of 1st period - Shot Misses the Net.
18:53 of 1st period - Jeff Petry is hit by Stefan Noesen and loses puck.
19:14 of 1st period - Wrist shot by Brendan Gaunce.
19:14 of 1st period - Shot Misses the Net.
19:16 of 1st period - Slapshot by Jeff Petry.
19:16 of 1st period - Shot Blocked by Brett Ponich.
19:48 of 1st period - Snap shot by Kevin Roy.
19:48 of 1st period - Shot Blocked by Miro Aaltonen.
19:50 of 1st period - Slapshot by Brett Ponich.
19:50 of 1st period - Stopped by Elvis Merzlikins with a rebound.
19:52 of 1st period - Snap shot by Brett Ponich.
19:52 of 1st period - Stopped by Elvis Merzlikins with a rebound.
19:54 of 1st period - Slapshot by Derrick Pouliot.
19:54 of 1st period - Stopped by Elvis Merzlikins with a rebound.
Goals for this period are 2 for Gangsters vs 3 for Knights.
Shots for this period are 14 for Gangsters vs 9 for Knights.

2nd period


0:01 of 2nd period - Miro Aaltonen wins face-off versus Artem Anisimov in neutral zone.
0:26 of 2nd period - Dwight King is hit by Seth Griffith and loses puck.
1:29 of 2nd period - Snap shot by Richard Panik.
1:29 of 2nd period - Shot Misses the Net.
1:31 of 2nd period - Slapshot by Will Borgen.
1:31 of 2nd period - Shot Blocked by Tony DeAngelo.
1:33 of 2nd period - Wrist shot by Richard Panik.
1:33 of 2nd period - Stopped by Elvis Merzlikins with a rebound.
2:03 of 2nd period - Snap shot by Sebastian Collberg.
2:03 of 2nd period - Deflect By Phillip Danault.
2:03 of 2nd period - Shot Misses the Net.
2:03 of 2nd period - Puck is out of play.
2:04 of 2nd period - Kevin Roy wins face-off versus Dominik Kahun in Knights zone.
2:13 of 2nd period - Wrist shot by Phillip Danault.
2:13 of 2nd period - Shot Blocked by Alexandre Carrier.
2:15 of 2nd period - Slapshot by Vince Dunn.
2:15 of 2nd period - Shot Misses the Net.
2:17 of 2nd period - Slapshot by Vince Dunn.
2:17 of 2nd period - Stopped by Elvis Merzlikins with a rebound.
2:19 of 2nd period - Slapshot by Vince Dunn.
2:19 of 2nd period - Shot Misses the Net.
2:31 of 2nd period - Snap shot by Miro Aaltonen.
2:31 of 2nd period - Shot Blocked by Ryan Culkin.
2:53 of 2nd period - Wrist shot by David Pope.
2:53 of 2nd period - Goal by David Pope - Gangsters : 3 - Knights : 3.
2:54 of 2nd period - Artem Anisimov wins face-off versus Miro Aaltonen in neutral zone.
2:58 of 2nd period - Off-side.
2:59 of 2nd period - Miro Aaltonen wins face-off versus Artem Anisimov in neutral zone.
3:02 of 2nd period - Snap shot by Nikolaj Ehlers.
3:02 of 2nd period - Shot Hit the Post.
3:47 of 2nd period - Off-side.
3:48 of 2nd period - Kevin Roy wins face-off versus Dominik Kahun in neutral zone.
3:50 of 2nd period - Off-side.
3:51 of 2nd period - Dominik Kahun wins face-off versus Artem Anisimov in neutral zone.
4:00 of 2nd period - Wrist shot by Jordan Martinook.
4:00 of 2nd period - Shot Misses the Net.
4:02 of 2nd period - Slapshot by Tony DeAngelo.
4:02 of 2nd period - Stopped by Samuel Montembeault without a rebound.
4:03 of 2nd period - Artem Anisimov wins face-off versus Miro Aaltonen in Gangsters zone.
5:12 of 2nd period - Icing by Troy Stetcher.
5:13 of 2nd period - Artem Anisimov wins face-off versus Nicolas Petan in Knights zone.
5:24 of 2nd period - Wrist shot by Nathan Walker.
5:24 of 2nd period - Shot Misses the Net.
5:26 of 2nd period - Slapshot by Jeff Petry.
5:26 of 2nd period - Stopped by Samuel Montembeault with a rebound.
5:28 of 2nd period - Slapshot by Troy Stetcher.
5:28 of 2nd period - Stopped by Samuel Montembeault with a rebound.
6:05 of 2nd period - Off-side.
6:06 of 2nd period - Brendan Gaunce wins face-off versus Artem Anisimov in neutral zone.
6:10 of 2nd period - Off-side.
6:11 of 2nd period - Brendan Gaunce wins face-off versus Artem Anisimov in neutral zone.
6:24 of 2nd period - Slapshot by Richard Panik.
6:24 of 2nd period - Stopped by Elvis Merzlikins without a rebound.
6:25 of 2nd period - Miro Aaltonen wins face-off versus Seth Griffith in Knights zone.
6:38 of 2nd period - Snap shot by Nikolaj Ehlers.
6:38 of 2nd period - Stopped by Samuel Montembeault with a rebound.
6:50 of 2nd period - Dwight King is hit by Richard Panik and loses puck.
7:02 of 2nd period - Minor Penalty to Brendan Gaunce for Tripping.
7:03 of 2nd period - Artem Anisimov wins face-off versus Miro Aaltonen in Knights zone.
7:09 of 2nd period - Slapshot by Richard Panik.
7:09 of 2nd period - Deflect By Ludwig Bystrom.
7:09 of 2nd period - Stopped by Elvis Merzlikins with a rebound.
7:11 of 2nd period - Wrist shot by Dave Dziurzynski.
7:11 of 2nd period - Shot Misses the Net.
7:13 of 2nd period - Wrist shot by Richard Panik.
7:13 of 2nd period - Shot Misses the Net.
7:35 of 2nd period - Miro Aaltonen is hit by Stefan Noesen and loses puck.
9:02 of 2nd period - Penalty to Brendan Gaunce is over, Brendan Gaunce is back on ice.
9:45 of 2nd period - Wrist shot by Nathan Walker.
9:45 of 2nd period - Stopped by Samuel Montembeault without a rebound.
9:46 of 2nd period - Miro Aaltonen wins face-off versus Kevin Roy in Gangsters zone.
10:45 of 2nd period - Minor Penalty to Jeff Petry for Interference.
10:46 of 2nd period - Miro Aaltonen wins face-off versus Artem Anisimov in Knights zone.
10:46 of 2nd period - Miro Aaltonen is hit by Richard Panik.
11:11 of 2nd period - Vladislav Gavrikov is hit by Stefan Noesen and loses puck.
11:16 of 2nd period - Slapshot by Stefan Noesen.
11:16 of 2nd period - Deflect By David Pope.
11:16 of 2nd period - Shot Misses the Net.
11:16 of 2nd period - Puck is out of play.
11:17 of 2nd period - Seth Griffith wins face-off versus Miro Aaltonen in Knights zone.
11:20 of 2nd period - Slapshot by Seth Griffith.
11:20 of 2nd period - Shot Blocked by Vladislav Gavrikov.
11:22 of 2nd period - Slapshot by Ryan Culkin.
11:22 of 2nd period - Deflect By Seth Griffith.
11:22 of 2nd period - Shot Misses the Net.
11:22 of 2nd period - Puck is out of play.
11:23 of 2nd period - Miro Aaltonen wins face-off versus Artem Anisimov in Knights zone.
11:42 of 2nd period - Wrist shot by David Pope.
11:42 of 2nd period - Shot Blocked by Dwight King.
11:44 of 2nd period - Snap shot by Stefan Noesen.
11:44 of 2nd period - Goal by Stefan Noesen - Gangsters : 4 - Knights : 3.
11:45 of 2nd period - Miro Aaltonen wins face-off versus Artem Anisimov in neutral zone.
11:45 of 2nd period - Troy Stetcher is hit by Brett Ponich and loses puck.
12:10 of 2nd period - Stefan Noesen is hit by Dwight King and loses puck.
12:31 of 2nd period - Wrist shot by Josh Bailey.
12:31 of 2nd period - Shot Blocked by Vince Dunn.
12:33 of 2nd period - Wrist shot by Jordan Martinook.
12:33 of 2nd period - Shot Misses the Net.
12:35 of 2nd period - Slapshot by Jeff Petry.
12:35 of 2nd period - Deflect By Jordan Martinook.
12:35 of 2nd period - Shot Misses the Net.
12:35 of 2nd period - Puck is out of play.
12:36 of 2nd period - Artem Anisimov wins face-off versus Dominik Kahun in Gangsters zone.
12:41 of 2nd period - Dominik Kahun is hit by Artem Anisimov.
12:45 of 2nd period - Wrist shot by Dave Dziurzynski.
12:45 of 2nd period - Shot Misses the Net.
12:49 of 2nd period - Slapshot by Artem Anisimov.
12:49 of 2nd period - Shot Misses the Net.
12:51 of 2nd period - Slapshot by Derrick Pouliot.
12:51 of 2nd period - Shot Misses the Net.
13:01 of 2nd period - Vladislav Gavrikov is hit by Stefan Noesen and loses puck.
13:42 of 2nd period - Snap shot by Samuel Blais.
13:42 of 2nd period - Shot Misses the Net.
13:50 of 2nd period - Backhand shot by Nicolas Petan.
13:50 of 2nd period - Shot Blocked by Connor Chatam.
14:07 of 2nd period - Slapshot by Josh Bailey.
14:07 of 2nd period - Shot Misses the Net.
14:21 of 2nd period - Wrist shot by Nikolaj Ehlers.
14:21 of 2nd period - Shot Misses the Net.
14:23 of 2nd period - Slapshot by Jeff Petry.
14:23 of 2nd period - Deflect By Miro Aaltonen.
14:23 of 2nd period - Shot Misses the Net.
14:23 of 2nd period - Puck is out of play.
14:24 of 2nd period - Miro Aaltonen wins face-off versus Seth Griffith in Gangsters zone.
14:35 of 2nd period - Slapshot by Troy Stetcher.
14:35 of 2nd period - Stopped by Samuel Montembeault without a rebound.
14:36 of 2nd period - Artem Anisimov wins face-off versus Miro Aaltonen in Gangsters zone.
14:38 of 2nd period - Minor Penalty to Dave Dziurzynski for Holding.
14:39 of 2nd period - Richard Panik wins face-off versus Miro Aaltonen in Gangsters zone.
16:38 of 2nd period - Penalty to Dave Dziurzynski is over, Dave Dziurzynski is back on ice.
17:13 of 2nd period - Snap shot by Connor Chatam.
17:13 of 2nd period - Deflect By Nathan Walker.
17:13 of 2nd period - Shot Blocked by Ludwig Bystrom.
17:13 of 2nd period - Puck is out of play.
17:14 of 2nd period - Dominik Kahun wins face-off versus Seth Griffith in Knights zone.
17:54 of 2nd period - Nathan Walker is hit by Artem Anisimov and loses puck.
18:15 of 2nd period - Snap shot by Alexandre Carrier.
18:15 of 2nd period - Shot Misses the Net.
18:33 of 2nd period - Linden Vey is hit by Stefan Noesen and loses puck.
18:48 of 2nd period - Snap shot by Josh Bailey.
18:48 of 2nd period - Shot Blocked by Vince Dunn.
18:50 of 2nd period - Slapshot by Troy Stetcher.
18:50 of 2nd period - Shot Misses the Net.
18:56 of 2nd period - Wrist shot by Josh Bailey.
18:56 of 2nd period - Shot Blocked by Ryan Culkin.
18:56 of 2nd period - Ryan Culkin from Gangsters is injured at 18:56 of 2nd period (Left Hand).
18:57 of 2nd period - Artem Anisimov wins face-off versus Miro Aaltonen in Gangsters zone.
19:26 of 2nd period - Icing by Jeff Petry.
19:27 of 2nd period - Seth Griffith wins face-off versus Brendan Gaunce in Knights zone.
19:57 of 2nd period - Wrist shot by Stefan Noesen.
19:57 of 2nd period - Shot Misses the Net.
19:59 of 2nd period - Snap shot by Stefan Noesen.
19:59 of 2nd period - Shot Misses the Net.
Goals for this period are 2 for Gangsters vs 0 for Knights.
Shots for this period are 6 for Gangsters vs 6 for Knights.

3rd period


0:01 of 3rd period - Miro Aaltonen wins face-off versus Artem Anisimov in neutral zone.
0:45 of 3rd period - Vince Dunn is hit by Jordan Martinook and loses puck.
1:06 of 3rd period - Steven Santini is hit by Nathan Walker and loses puck.
1:29 of 3rd period - Nikolaj Ehlers is hit by Artem Anisimov and loses puck.
1:50 of 3rd period - David Pope is hit by Linden Vey and loses puck.
1:57 of 3rd period - Snap shot by Seth Griffith.
1:57 of 3rd period - Shot Misses the Net.
1:59 of 3rd period - Slapshot by Derrick Pouliot.
1:59 of 3rd period - Stopped by Elvis Merzlikins with a rebound.
2:09 of 3rd period - Ludwig Bystrom is hit by Phillip Danault and loses puck.
2:36 of 3rd period - Snap shot by Jordan Martinook.
2:36 of 3rd period - Stopped by Samuel Montembeault with a rebound.
2:48 of 3rd period - Samuel Blais is hit by Nathan Walker and loses puck.
3:05 of 3rd period - Snap shot by David Pope.
3:05 of 3rd period - Shot Blocked by Alexandre Carrier.
3:07 of 3rd period - Snap shot by Seth Griffith.
3:07 of 3rd period - Stopped by Elvis Merzlikins without a rebound.
3:08 of 3rd period - Artem Anisimov wins face-off versus Miro Aaltonen in Knights zone.
3:21 of 3rd period - Richard Panik is hit by Jeff Petry and loses puck.
3:35 of 3rd period - Minor Penalty to Linden Vey for Hooking.
3:36 of 3rd period - Artem Anisimov wins face-off versus Miro Aaltonen in Knights zone.
3:37 of 3rd period - Snap shot by Richard Panik.
3:37 of 3rd period - Goal by Richard Panik - Gangsters : 5 - Knights : 3.
3:37 of 3rd period - Magnus Hellberg enters game.
3:38 of 3rd period - Miro Aaltonen wins face-off versus Dave Dziurzynski in neutral zone.
3:38 of 3rd period - Troy Stetcher is hit by Derrick Pouliot and loses puck.
4:05 of 3rd period - Brendan Gaunce is hit by David Pope.
4:18 of 3rd period - Brendan Gaunce is hit by Jacob Middleton and loses puck.
4:26 of 3rd period - Off-side.
4:27 of 3rd period - Artem Anisimov wins face-off versus Miro Aaltonen in neutral zone.
4:36 of 3rd period - Snap shot by Richard Panik.
4:36 of 3rd period - Shot Blocked by Tony DeAngelo.
4:38 of 3rd period - Snap shot by Dave Dziurzynski.
4:38 of 3rd period - Stopped by Magnus Hellberg without a rebound.
4:39 of 3rd period - Miro Aaltonen wins face-off versus Artem Anisimov in Knights zone.
5:29 of 3rd period - Tony DeAngelo is hit by Sebastian Collberg and loses puck.
5:48 of 3rd period - Snap shot by Troy Stetcher.
5:48 of 3rd period - Shot Blocked by Adam Lowry.
6:26 of 3rd period - Slapshot by David Pope.
6:26 of 3rd period - Goal by David Pope - Gangsters : 6 - Knights : 3.
6:27 of 3rd period - Miro Aaltonen wins face-off versus Dave Dziurzynski in neutral zone.
6:42 of 3rd period - Snap shot by Dave Dziurzynski.
6:42 of 3rd period - Shot Misses the Net.
7:01 of 3rd period - Snap shot by Nikolaj Ehlers.
7:01 of 3rd period - Deflect By Vince Hinostroza.
7:01 of 3rd period - Shot Misses the Net.
7:01 of 3rd period - Puck is out of play.
7:02 of 3rd period - Artem Anisimov wins face-off versus Brendan Gaunce in Gangsters zone.
7:04 of 3rd period - Minor Penalty to Vince Dunn for High sticking.
7:05 of 3rd period - Miro Aaltonen wins face-off versus Richard Panik in Gangsters zone.
7:05 of 3rd period - Wrist shot by Nikolaj Ehlers.
7:05 of 3rd period - Shot Misses the Net.
7:07 of 3rd period - Slapshot by Tony DeAngelo.
7:07 of 3rd period - Stopped by Samuel Montembeault without a rebound.
7:08 of 3rd period - Miro Aaltonen wins face-off versus Richard Panik in Gangsters zone.
7:09 of 3rd period - Backhand shot by Nikolaj Ehlers.
7:09 of 3rd period - Stopped by Samuel Montembeault with a rebound.
9:04 of 3rd period - Penalty to Vince Dunn is over, Vince Dunn is back on ice.
9:12 of 3rd period - Wrist shot by Kevin Roy.
9:12 of 3rd period - Stopped by Magnus Hellberg without a rebound.
9:13 of 3rd period - Dominik Kahun wins face-off versus Kevin Roy in Knights zone.
9:22 of 3rd period - Snap shot by Jordan Martinook.
9:22 of 3rd period - Shot Blocked by Sebastian Collberg.
10:23 of 3rd period - Dwight King is hit by Richard Panik.
10:28 of 3rd period - Troy Stetcher is hit by Dave Dziurzynski and loses puck.
10:31 of 3rd period - Snap shot by Brendan Gaunce.
10:31 of 3rd period - Stopped by Samuel Montembeault without a rebound.
10:32 of 3rd period - Miro Aaltonen wins face-off versus Seth Griffith in Gangsters zone.
10:38 of 3rd period - Minor Penalty to Stefan Noesen for Hooking.
10:39 of 3rd period - Richard Panik wins face-off versus Miro Aaltonen in Gangsters zone.
10:49 of 3rd period - Snap shot by Miro Aaltonen.
10:49 of 3rd period - Goal by Miro Aaltonen - Gangsters : 6 - Knights : 4.
10:50 of 3rd period - Artem Anisimov wins face-off versus Miro Aaltonen in neutral zone.
11:26 of 3rd period - Snap shot by Dwight King.
11:26 of 3rd period - Deflect By Vince Dunn.
11:26 of 3rd period - Shot Misses the Net.
11:26 of 3rd period - Puck is out of play.
11:27 of 3rd period - Artem Anisimov wins face-off versus Miro Aaltonen in Gangsters zone.
11:53 of 3rd period - Vince Dunn is hit by Dwight King and loses puck.
12:14 of 3rd period - Snap shot by Jordan Martinook.
12:14 of 3rd period - Shot Misses the Net.
12:16 of 3rd period - Wrist shot by Vladislav Gavrikov.
12:16 of 3rd period - Shot Blocked by Derrick Pouliot.
12:38 of 3rd period - Wrist shot by Nicolas Petan.
12:38 of 3rd period - Shot Misses the Net.
12:40 of 3rd period - Slapshot by Vladislav Gavrikov.
12:40 of 3rd period - Stopped by Samuel Montembeault with a rebound.
12:42 of 3rd period - Snap shot by Vladislav Gavrikov.
12:42 of 3rd period - Shot Misses the Net.
12:44 of 3rd period - Wrist shot by Vladislav Gavrikov.
12:44 of 3rd period - Shot Misses the Net.
13:06 of 3rd period - Artem Anisimov is hit by Miro Aaltonen and loses puck.
13:19 of 3rd period - Stefan Noesen is hit by Dwight King and loses puck.
13:50 of 3rd period - Snap shot by Jeremy Bracco.
13:50 of 3rd period - Stopped by Samuel Montembeault with a rebound.
14:28 of 3rd period - Snap shot by Vince Hinostroza.
14:28 of 3rd period - Stopped by Samuel Montembeault with a rebound.
14:30 of 3rd period - Snap shot by Nikolaj Ehlers.
14:30 of 3rd period - Goal by Nikolaj Ehlers - Gangsters : 6 - Knights : 5.
14:31 of 3rd period - Miro Aaltonen wins face-off versus Artem Anisimov in neutral zone.
14:33 of 3rd period - Minor Penalty to Dave Dziurzynski for Holding.
14:34 of 3rd period - Miro Aaltonen wins face-off versus Richard Panik in Gangsters zone.
16:33 of 3rd period - Penalty to Dave Dziurzynski is over, Dave Dziurzynski is back on ice.
17:24 of 3rd period - Snap shot by Phillip Danault.
17:24 of 3rd period - Stopped by Magnus Hellberg with a rebound.
17:26 of 3rd period - Slapshot by Kevin Roy.
17:26 of 3rd period - Deflect By Troy Stetcher.
17:26 of 3rd period - Shot Misses the Net.
17:26 of 3rd period - Puck is out of play.
17:27 of 3rd period - Dominik Kahun wins face-off versus Kevin Roy in Knights zone.
17:27 of 3rd period - Dominik Kahun is hit by Steven Santini.
17:33 of 3rd period - Jordan Martinook is hit by Sebastian Collberg and loses puck.
17:40 of 3rd period - Wrist shot by Phillip Danault.
17:40 of 3rd period - Stopped by Magnus Hellberg with a rebound.
17:42 of 3rd period - Backhand shot by Kevin Roy.
17:42 of 3rd period - Stopped by Magnus Hellberg with a rebound.
18:53 of 3rd period - Off-side.
18:54 of 3rd period - Adams Oates call a timeout for Knights.
18:54 of 3rd period - Miro Aaltonen wins face-off versus Artem Anisimov in neutral zone.
18:54 of 3rd period - Miro Aaltonen is hit by Artem Anisimov.
18:58 of 3rd period - Knights, Magnus Hellberg is pulled from the net.
19:40 of 3rd period - Wrist shot by Miro Aaltonen.
19:40 of 3rd period - Stopped by Samuel Montembeault with a rebound.
Goals for this period are 2 for Gangsters vs 2 for Knights.
Shots for this period are 9 for Gangsters vs 10 for Knights. Output by the SimonT Hockey Simulator (STHS) for Francois Prevost - Original Page W3C HTML5 Valid
Hockey Simulator - Hockey Simulation - Hockey Manager